 Dungeon Crawl Stone Soup version 0.30-a0-956-gcec3b41aec (webtiles) character file.

Game seed: 1091651333239940994

1345 retardedninja the Covered (level 8, -1/65 HPs)
             Began as an Armataur Fighter on Mar 29, 2023.
             Was a Follower of Hepliaklqana.
             Slain by a killer bee (4 damage)
             ... on level 6 of the Dungeon.
             The game lasted 00:09:55 (5656 turns).

retardedninja the Covered (Armataur Fighter)        Turns: 5656, Time: 00:09:56

Health: -1/65      AC: 14    Str: 23    XL:     8   Next: 36%
Magic:  7/8        EV:  4    Int: 10    God:    Hepliaklqana [*.....]
Gold:   324        SH:  5    Dex:  9    Spells: 7/7 levels left

rFire   . . .      SeeInvis .    a - +2 long sword
rCold   . . .      Faith    .    c - +0 buckler
rNeg    . . .      Spirit   .    h - +1 plate armour
rPois   .          Reflect  .    (no helmet)
rElec   .          Roll     +    y - +0 cloak
rCorr   +                        j - +0 pair of gloves
Will    .....                    (no barding) Stlth
                                 k - amulet of regeneration
HPRegen 1.10/turn                f - ring of resist corrosion
MPRegen 0.11/turn                (no ring)

@: lethally poisoned (-1 -> -1)
A: reduced essence, large, rugged brown scales 3, deformed body, armoured tail,
roll, long tongue, awkward tongue
a: Renounce Religion, Recall Ancestor, Ancestor Identity


You were on level 6 of the Dungeon.
You worshipped Hepliaklqana.
Hepliaklqana was aware of your devotion.
You visited 2 branches of the dungeon, and saw 8 of its levels.
You also visited: Ossuary.

You collected 324 gold pieces.

Inventory:

Hand Weapons
 a - a +2 long sword (weapon)
Missiles
 m - 4 javelins (quivered)
Armour
 c - a +0 buckler (worn)
 h - a +1 plate armour (worn)
 j - a +0 pair of gloves (worn)
 y - a +0 cloak (worn)
Magical Staves
 b - the staff of air "Vecilyty" {rElec rN+++ Int-5 Dex+3 Stlth+}
   (You found it on level 2 of the Dungeon)

   [staff of air]

   Base accuracy: +5 Base damage: 5 Base attack delay: 1.2 This weapon's minimum
   attack delay (0.6) is reached at skill level 12.
   Int:       It affects your intelligence (-5).
   Dex:       It affects your dexterity (+3).
   rElec:     It insulates you from electricity.
   rN:        It renders you almost immune to negative energy.
   Stlth:     It makes you more stealthy.
   It falls into the 'Staves' category.
   It is a one-handed weapon.
Jewellery
 f - a ring of resist corrosion (left hand)
 g - an amulet of faith
 k - an amulet of regeneration (around neck)
Scrolls
 l - a scroll of brand weapon {unknown}
 o - a scroll of amnesia
 q - a scroll of teleportation {unknown}
 u - a scroll of vulnerability {unknown}
 A - a scroll of immolation
 B - a scroll of poison {unknown}
Potions
 d - a potion of heal wounds
 p - a potion of cancellation
 s - a potion of brilliance
 w - a potion of lignification
 x - a potion of berserk rage
 z - 2 potions of mutation
 C - a potion of haste


   Skills:
 + Level 5.0 Fighting
 * Level 6.1 Long Blades
 + Level 6.5 Armour
 + Level 5.9 Shields


You had 7 spell levels left.
You didn't know any spells.
Your spell library contained the following spells:

 Spells                   Type           Power      Damage    Failure   Level
 Sublimation of Blood     Necr           0%         N/A       100%        2
 Wereblood                Tmut           0%         N/A       100%        2
 Summon Hydra             Summ           0%         N/A       100%        7


Dungeon Overview and Level Annotations

Branches:
Dungeon (7/15)             Temple (1/1) D:5         Ossuary (visited)

Altars:
Dithmenos
Elyvilon
Fedhas
Gozag
Hepliaklqana
Makhleb
Nemelex Xobeh
Okawaru
Qazlal
Ru
Sif Muna
Trog
Xom
Yredelemnul
Zin

Shops:
D:5 *   D:6 **


Innate Abilities, Weirdness & Mutations

Your life essence is reduced to manifest your ancestor. (-10% HP)
You are completely covered in rugged brown scales. (AC +3, +7% HP)
Armour fits poorly on your strangely shaped body.
You have a long armoured tail.
You roll when moving toward enemies. (Rampage)
Your long tongue fully drains potion bottles. (2x potion effects)
Your tongue gives you trouble enunciating. (1.5x scroll delay)


Message History

The killer bee stings you but does no damage.
The killer bee stings you.
* * * LOW HITPOINT WARNING * * *
The killer bee stings you but does no damage.
The killer bee stings you.
* * * LOW HITPOINT WARNING * * *
You are lethally poisoned!
The killer bee poisons you! The killer bee stings you.
* * * LOW HITPOINT WARNING * * *
You are more poisoned.
The killer bee poisons you!
Rabi hits the killer bee.
The killer bee dies!
The killer bee stings you.
* * * LOW HITPOINT WARNING * * *
The killer bee stings you but does no damage.
Rabi closely misses the killer bee.
Your Fighting skill increases to level 5!
You feel better.
You slurp down every last drop of the potion of curing!
The killer bee barely misses you. The killer bee stings you.
* * * LOW HITPOINT WARNING * * *
You are poisoned.
The killer bee poisons you! The killer bee stings you.
* * * LOW HITPOINT WARNING * * *
The killer bee barely misses you. Something hits you.
* * * LOW HITPOINT WARNING * * *
Deactivating autopickup; reactivate with Ctrl-A.
Rabi barely misses the killer bee.
You miss the killer bee.
You feel sick. The killer bee stings you.
* * * LOW HITPOINT WARNING * * *
The killer bee stings you.
* * * LOW HITPOINT WARNING * * *
The killer bee stings you but does no damage.
The killer bee stings you.
* * * LOW HITPOINT WARNING * * *
Something hits you.
* * * LOW HITPOINT WARNING * * *
Rabi completely misses the killer bee.
You miss the killer bee.
You feel sick. The killer bee stings you.
You die...

..........[......######
..(...................#
##############.#.####.#
.###### #.#.# #.#
......########.#.# #.#
#####.......##.#.# #.#
#######....R.# #.#
####.y.# #.# #.y@# #.#
##### #.# #.# #.#
#####################.#
#.....................#
#.#####################
#.# #.#


You could see the friendly Rabi the ancestor and 2 killer bees.

Vanquished Creatures
  An ogre (D:5)
  A centaur (D:6)
  A phantom (D:5)
  2 kobold brigands (D:6)
  A howler monkey (D:5)
  A hound (D:6)
  A gnoll bouda (D:4)
  3 jellies (D:5)
  2 orc priests (D:4)
  A sleepcap (D:5)
  Terence (D:3)
  An iguana (D:5)
  5 orc wizards
  13 mummies (Ossuary)
  10 adders
  A shadow imp (D:5)
  A white imp (D:6)
  2 ufetubi (D:5)
  A worm (D:4)
  5 dart slugs
  12 orcs
  6 bats
  11 endoplasms
  7 giant cockroaches
  14 goblins
  5 hobgoblins
  8 jackals
  13 kobolds
  A quokka (D:2)
  7 ball pythons
  7 frilled lizards
  3 gnoll skeletons (Ossuary)
  2 goblin skeletons (Ossuary)
  A kobold skeleton (Ossuary)
  2 orc skeletons (Ossuary)
  4 rats
  11 rat skeletons (Ossuary)
168 creatures vanquished.

Vanquished Creatures (collateral kills)
  A killer bee (D:6)
  A jelly (D:6)
  2 kobolds (D:6)
4 creatures vanquished.

Vanquished Creatures (others)
  An orc wizard (D:4)
1 creature vanquished.

Grand Total: 173 creatures vanquished

Notes
Turn   | Place    | Note
-------+----------+-------------------------------------------
     0 | D:1      | retardedninja the Armataur Fighter began the quest for the
                  | Orb.
     0 | D:1      | Reached XP level 1. HP: 19/19 MP: 1/1
    88 | D:1      | Reached XP level 2. HP: 13/26 MP: 2/2
   794 | D:2      | Reached XP level 3. HP: 27/33 MP: 3/3
  1070 | D:2      | Identified the staff of air "Vecilyty" {rElec rN+++ Int-5
                  | Dex+3 Stlth+}
  1080 | D:2      | Found a sacrificial altar of Ru.
  1540 | D:3      | Reached XP level 4. HP: 40/40 MP: 4/4
  1658 | D:3      | Noticed Terence
  1670 | D:3      | Killed Terence
  2241 | D:4      | Reached XP level 5. HP: 34/48 MP: 5/5
  2488 | D:4      | Reached XP level 6. HP: 29/55 MP: 6/6
  2855 | D:5      | Entered Level 5 of the Dungeon
  2873 | D:5      | Reached skill level 5 in Armour
  2958 | D:5      | Found a sand-covered staircase.
  2965 | Ossuary  | Entered an ossuary
  3223 | Ossuary  | Reached XP level 7. HP: 63/63 MP: 7/7
  3469 | Ossuary  | Reached skill level 5 in Shields
  4007 | D:5      | Found Utujodd's Mayhem Merchandise.
  4009 | D:5      | Found a shimmering altar of Xom.
  4190 | D:5      | Found a staircase to the Ecumenical Temple.
  4200 | D:5      | Reached skill level 5 in Long Blades
  4240 | Temple   | Entered the Ecumenical Temple
  4312 | Temple   | Became a worshipper of Hepliaklqana the Forgotten
  4540 | D:5      | Found an opulent altar of Gozag.
  4832 | D:6      | Reached XP level 8. HP: 18/71 MP: 8/8
  4974 | D:6      | Reached * piety under Hepliaklqana
  5023 | D:6      | Found a sparkling altar of Nemelex Xobeh.
  5182 | D:6      | Found Retynal's General Store.
  5182 | D:6      | Found Neawem's Specific Store.
  5654 | D:6      | Reached skill level 5 in Fighting
  5656 | D:6      | HP: 3/65 [poisoned by a killer bee]
  5656 | D:6      | Slain by a killer bee

Illustrated notes

Levels and vault maps discovered:
D:1:      tarquinn_simple_flora_water_b, layout_loops_ring
D:2:      cheibrodos_greedy_goblins, layout_loops_ring, basic_altar
D:3:      layout_basic, uniq_terence
D:4:      layout_basic, serial_curves, eino_curves_03, eino_curves_03,
          minmay_bent
D:5:      layout_loops_ring, dk_xom_monty_hall, mainiacjoe_overflow_24_doors,
          minmay_temple_entry_slanted, nicolae_ossuary_entry_plus,
          minmay_shop_mayhem, minmay_circle_x
D:6:      cheibrodos_thug_alley, layout_basic, nemelex_altar_shiori,
          nicolae_specific_store
D:7:      layout_gridville, kennysheep_mini, serial_shops, shop,
          chequers_serial_rivers_micro_b, chequers_serial_rivers_micro_a,
          uniq_joseph
Temple:   nicolae_temple_ecumenical_triangle

Skill      XL: |  1  2  3  4  5  6  7  8 |
---------------+-------------------------+-----
Long Blades    | 2 3 4 5 6 |  6.1
Fighting       | 3 4 5 |  5.0
Armour         | 4 5 6 |  6.5
Shields        | 4 5 |  5.9

Action                     |  1- 3 |  4- 6 |  7- 9 || total
---------------------------+-------+-------+-------++-------
  Melee: Long sword        |   133 |   216 |   284 ||   633
         Tailslap          |     6 |    29 |    31 ||    66
  Throw: Javelin           |     5 |    24 |       ||    29
 Invoke: Recall Ancestor   |       |       |     1 ||     1
    Use: Scroll            |       |     5 |    10 ||    15
         Potion            |       |     6 |     7 ||    13
   Stab: Distracted        |       |       |     1 ||     1
 Armour: Scale mail        |    21 |       |       ||    21
         Plate armour      |   125 |   148 |   266 ||   539
         Skin              |       |    24 |       ||    24
  Dodge: Dodged            |    35 |    37 |    74 ||   146
  Block: Buckler           |    21 |    47 |    90 ||   158

Table legend: (Time is in decaauts)
 A = Elapsed time spent in this place.
 B = Non-inter-level travel time spent in this place.
 C = Inter-level travel time spent in this place.
 D = Time resting spent in this place.
 E = Time spent auto-exploring this place.
 F = Levels seen in this place.
 G = Mean time per level.
                   A        B        C        D        E       F      G
               +--------+--------+--------+--------+--------+-----+--------+
         Total |   5822 |   5619 |    203 |    734 |   3411 |   9 |  646.9 |
       Dungeon |   4962 |   4767 |    195 |    361 |   3221 |   7 |  708.9 |
        Temple |     80 |     72 |      8 |      0 |     30 |   1 |   80.0 |
       Ossuary |    780 |    780 |      0 |    373 |    160 |   1 |  780.0 |
               +--------+--------+--------+--------+--------+-----+--------+

Top non-repeatable levels by time:
     D:5: 1102 daAuts
     D:6: 902 daAuts
     D:2: 801 daAuts
 Ossuary: 780 daAuts
     D:1: 770 daAuts
     D:4: 717 daAuts
     D:3: 658 daAuts
  Temple: 80 daAuts
     D:7: 9 daAuts
